 Dungeon Crawl Stone Soup version 0.21-a0-331-gfb491b4 (webtiles) character file.

167 qqqbard the Skirmisher (level 5, -3/33 HPs)
             Began as a Gargoyle Fighter on Oct 2, 2017.
             Slain by an ogre
             ... wielding a +0 giant club
              (12 damage)
             ... on level 4 of the Dungeon.
             The game lasted 00:03:26 (2297 turns).

qqqbard the Skirmisher (Gargoyle Fighter)           Turns: 2297, Time: 00:03:26

Health: -3/33      AC: 17    Str: 21    XL:     5   Next: 48%
Magic:  5/5        EV: 14    Int:  8    God:
Gold:   144        SH: 10    Dex: 14    Spells: 4/4 levels left

rFire    . . .     SeeInvis .   a - +0 flail
rCold    + . .     Gourm    .   c - +0 shield
rNeg     + . .     Faith    .   l - +3 scale mail {rC+}
rPois    ∞         Spirit   .   j - +0 helmet
rElec    +         Reflect  .   (no cloak)
rCorr    .         Harm     .   (no gloves)
MR       .....     Rnd*Rage +   (no boots)
Stlth    +.........             (no amulet)
HPRegen  0.11/turn              (no ring)
MPRegen  0.09/turn              (no ring)

@: agile
A: yellow scales 1, berserk 1, negative energy resistance 1, electricity
resistance, unbreathing, petrification resistance, rot immunity, sturdy frame 1,
AC +4
a: no special abilities


You were on level 4 of the Dungeon.
You were not hungry.

You visited 1 branch of the dungeon, and saw 4 of its levels.

You collected 144 gold pieces.

Inventory:

Hand Weapons
 a - a +0 flail (weapon)
Armour
 c - a +0 shield (worn)
 j - a +0 helmet (worn)
 l - a +3 scale mail of cold resistance (worn)
Wands
 p - a wand of iceblast (10/15)
Scrolls
 e - 3 scrolls of identify {unknown}
 h - a scroll of magic mapping {unknown}
 k - 3 scrolls of remove curse {unknown}
 o - a scroll of recharging {unknown}
 q - 2 scrolls of fear {unknown}
 s - a scroll of teleportation {unknown}
Potions
 d - a potion of might
Comestibles
 f - 3 bread rations
 g - 5 chunks of flesh
 i - 2 meat rations
 m - 4 fruits


   Skills:
 + Level 4.0 Fighting
 * Level 3.4 Maces & Flails
 + Level 4.0 Armour
 + Level 1.5 Dodging
 + Level 3.9 Shields


You had 4 spell levels left.
You didn't know any spells.

Dungeon Overview and Level Annotations

Branches:
Dungeon (4/15)
 Temple: D:4-7

Altars:
Gozag
Qazlal
Uskayaw


Innate Abilities, Weirdness & Mutations

You are resistant to torment.
Your stone body is resilient. (AC +4)
You are immune to poison.
You resist negative energy. (rN+)
You are resistant to electric shocks. (rElec)
You can survive without breathing.
You are immune to petrification.
You are immune to rotting.
You are partially covered in yellow scales. (AC +2)
You tend to lose your temper in combat.
Your movements are slightly less encumbered by armour. (ER -2)


Message History

You are too injured to fight recklessly!
It was a potion of mutation.
You feel extremely strange.
You feel a little pissed off.
You feel less encumbered by your armour.
Yellow scales grow over part of your body.
You block the ogre's attack.
It was a potion of curing.
You feel better. The ogre closely misses you.
It was a potion of agility.
You feel agile all of a sudden. You block the ogre's attack.
You sock the ogre!
The ogre is severely wounded.
You block the ogre's attack.
You hit the ogre but do no damage.
The ogre is severely wounded.
The ogre barely misses you.
You hit the ogre.
The ogre is severely wounded.
The ogre hits you with a giant club!
You die...

....# #.#.#
..... #.#.#
##.#.###
+..#...##
#+#..#.#..#
#.......O.#
#.<#..$_@.#
...........$$$##
#.####..##.##.#
#..##.##.#
#..##.##..
#..##.#####
......! #..#


You could see an ogre.

Vanquished Creatures
  A hound (D:3)
  Terence (D:2)
  An adder (D:3)
  4 worms (D:2)
  A leopard gecko (D:2)
  8 orcs (D:3)
  8 bats
  A giant cockroach (D:1)
  10 hobgoblins
  3 jackals (D:2)
  2 quokkas (D:3)
  2 ball pythons (D:3)
  6 frilled lizards
  13 goblins
  11 kobolds
  7 rats
79 creatures vanquished.

Notes
Turn   | Place    | Note
-------+----------+-------------------------------------------
     0 | D:1      | qqqbard the Gargoyle Fighter began the quest for the Orb.
     0 | D:1      | Reached XP level 1. HP: 14/14 MP: 1/1
    74 | D:1      | Reached XP level 2. HP: 7/19 MP: 2/2
   473 | D:1      | Reached XP level 3. HP: 21/23 MP: 3/3
   886 | D:2      | Noticed Terence
   900 | D:2      | Killed Terence
   900 | D:2      | Reached skill level 1 in Dodging
   900 | D:2      | Reached XP level 4. HP: 21/29 MP: 4/4
  1730 | D:3      | Reached XP level 5. HP: 16/33 MP: 5/5
  1923 | D:3      | Found a hide-covered altar of Uskayaw.
  1923 | D:3      | Found a stormy altar of Qazlal.
  2268 | D:4      | Found an opulent altar of Gozag.
  2279 | D:4      | Noticed an ogre
  2292 | D:4      | Gained mutation: You tend to lose your temper in combat. [potion of mutation]
  2292 | D:4      | Gained mutation: Your movements are slightly less encumbered by armour. (ER -2) [potion of mutation]
  2292 | D:4      | Gained mutation: You are partially covered in yellow scales. (AC +2) [potion of mutation]
  2297 | D:4      | Slain by an ogre

Vault maps used:
D:1:      mrwooster_arrival_statue
D:2:      uniq_terence
D:3:      chequers_temple_overflow_statue_of_worship
D:4:      lightli_temple_of_fire, serial_shops, nicolae_shop_behind_doors,
          first_bread, nicolae_gozag_seed_capital

Skill      XL: |  1  2  3  4  5 |
---------------+----------------+-----
Dodging        | 1 |  1.5
Maces & Flails | 3 |  3.4
Fighting       | 4 |  4.0
Armour         | 4 |  4.0
Shields        | |  3.9

Action                   |  1- 3 |  4- 6 || total
-------------------------+-------+-------++-------
Melee: Flail             |   135 |   205 ||   340
  Use: Potion            |       |     3 ||     3
  Eat: Chunk             |       |     5 ||     5
Armor: Scale mail        |    50 |   123 ||   173
Dodge: Dodged            |    40 |    99 ||   139
Block: Shield            |    62 |   158 ||   220

Table legend:
 A = Spawn XP
 B = Non-spawn XP
 C = Spawn XP percentage of total XP
 D = Spawn monster count
 E = Non-spawn monster count
 F = Spawn count percentage of total count
 G = Total turns spent on level
                    A         B        C        D         E        F      G
               +---------+---------+-------+---------+---------+-------+---------
         Total |       0 |     239 |   0.0 |       0 |      79 |   0.0 |  2297
               +---------+---------+-------+---------+---------+-------+---------
           D:1 |       0 |      46 |   0.0 |       0 |      28 |   0.0 |   788
           D:2 |       0 |      80 |   0.0 |       0 |      20 |   0.0 |   797
           D:3 |       0 |     113 |   0.0 |       0 |      31 |   0.0 |   682
               +---------+---------+-------+---------+---------+-------+---------
